 Dungeon Crawl Stone Soup version 0.19.0-19-g8c6edcc (webtiles) character file.

19 Banto the Charmwright (level 2, 0/19 HPs)
             Began as a High Elf Skald on Nov 16, 2016.
             Slain by an adder (4 damage)
             ... on level 1 of the Dungeon.
             The game lasted 00:00:52 (450 turns).

Banto the Charmwright (High Elf Skald)               Turns: 450, Time: 00:00:52

Health: 0/19       AC:  3    Str: 11    XL:     2   Next: 55%
Magic:  3/6        EV: 12    Int: 15    God:
Gold:   35         SH:  0    Dex: 14    Spells: 1 memorised, 4 levels left

rFire  . . .     SeeInvis .     a - +0 falchion
rCold  . . .     Gourm    .     b - +0 leather armour
rNeg   . . .     Faith    .     (no shield)
rPois  .         Spirit   .     (no helmet)
rElec  .         Reflect  .     (no cloak)
rCorr  .         Harm     .     (no gloves)
MR     .....                    (no boots)
Stlth  +.........               (no amulet)
                                (no ring)
                                (no ring)

@: infused
A: no striking features
a: no special abilities


You were on level 1 of the Dungeon.
You were not hungry.

You visited 1 branch of the dungeon, and saw 1 of its levels.

You collected 35 gold pieces.

Inventory:

Hand Weapons
 a - a +0 falchion (weapon)
Armour
 b - a +0 leather armour (worn)
Potions
 g - a potion of agility {unknown}
 h - a potion of mutation {unknown}
 j - 2 potions of curing {unknown}
Books
 c - a book of Battle

   Spells                             Type                      Level
   a - Infusion                       Charms                       1
   b - Shroud of Golubria             Charms/Translocation         2
   c - Song of Slaying                Charms                       2
   d - Spectral Weapon                Hexes/Charms                 3
   e - Regeneration                   Charms/Necromancy            3
Comestibles
 d - 2 bread rations
 f - 2 meat rations
 i - a chunk of flesh


   Skills:
 - Level 2.0 Fighting
 + Level 3.2 Long Blades
 - Level 0.8 Armour
 + Level 2.1 Dodging
 - Level 2.4 Spellcasting
 - Level 3.6 Charms


You had 4 spell levels left.
You knew the following spells:

 Your Spells              Type           Power        Failure   Level  Hunger
a - Infusion              Chrm           ##..         10%         1    #......


Dungeon Overview and Level Annotations

Branches:
Dungeon (1/15)

Altars:


Message History

You hit the adder.
The adder is heavily wounded.
The adder bites you.
You take 3 damage, and have 8/19 hp.
You now have 3/6 mp.
You closely miss the adder.
The adder is heavily wounded.
The adder barely misses you. The adder bites you.
You take 1 damage, and have 7/19 hp.
You barely miss the adder.
The adder is heavily wounded.
The adder closely misses you.
You barely miss the adder.
The adder is heavily wounded.
The adder misses you. The adder bites you.
* * * LOW HITPOINT WARNING * * *
You take 3 damage, and have 4/19 hp.
You miss the adder.
The adder is heavily wounded.
The adder bites you.
You die...

#######..####....
. ######..# ..
#.......# .##
#.#####.# ...
#.#######.#####.#
#.
#...........†...#
#.
#########.#######
## #.##########
#.###
#...@S......
#....
############
#####


You could see an adder.

Vanquished Creatures
  A dart slug (D:1)
  A leopard gecko (D:1)
  A giant cockroach (D:1)
  A hobgoblin (D:1)
  2 bats (D:1)
  3 frilled lizards (D:1)
  3 goblins (D:1)
  3 kobolds (D:1)
  2 rats (D:1)
17 creatures vanquished.

Notes
Turn   | Place    | Note
-------+----------+-------------------------------------------
     0 | D:1      | Banto the High Elf Skald began the quest for the Orb.
     0 | D:1      | Reached XP level 1. HP: 14/14 MP: 4/4
   104 | D:1      | Reached XP level 2. HP: 19/19 MP: 6/6
   450 | D:1      | Slain by an adder

Skill      XL: |  1  2 |
---------------+-------+-----
Long Blades    | 3 |  3.2
Dodging        | 2 |  2.1
Fighting       | |  2.0
Armour         | |  0.8
Spellcasting   | |  2.4
Charms         | |  3.6

Action                   || total
-------------------------++-------
Melee: Falchion          ||    34
 Cast: Infusion          ||     5
  Use: Scroll            ||     3
Armor: Leather armour    ||     6
Dodge: Dodged            ||    20
       Rpst.: Falchion   ||     4

Table legend:
 A = Turns spent in this place as a percentage of turns spent in the entire game.
 B = Non-inter-level travel turns spent in this place as a percentage of non-inter-level travel turns spent in the entire game.
 C = Inter-level travel turns spent in this place as a percentage of turns spent in this place.
 D = Turns resting spent in this place as a percentage of non-inter-level travel turns spent in this place.
 E = Turns spent auto-exploring this place as a percentage of non-inter-level travel turns spent in this place.
 F = Non-inter-level travel turns spent in this place divided by the number of levels of this place that you've seen.
                   A       B       C       D       E      F
               +-------+-------+-------+-------+-------+----------------------
         Total | 100.0 | 100.0 |   0.0 |   7.8 |  13.3 | 180.0
       Dungeon | 100.0 | 100.0 |   0.0 |   7.8 |  13.3 | 180.0
               +-------+-------+-------+-------+-------+----------------------

Table legend:
 A = Kills in this place as a percentage of kills in entire the game.
 B = Kills by you in this place as a percentage of kills by you in the entire game.
 C = Kills by friends in this place as a percentage of kills by friends in the entire game.
 D = Other kills in this place as a percentage of other kills in the entire game.
 E = Experience gained in this place as a percentage of experience gained in the entire game.
 F = Experience gained in this place divided by the number of levels of this place that you have seen.
                   A       B       C       D       E      F
               +-------+-------+-------+-------+-------+----------------------
         Total | 100.0 | 100.0 |  -nan |  -nan | 100.0 |  28.0
       Dungeon | 100.0 | 100.0 |  -nan |  -nan | 100.0 |  28.0
               +-------+-------+-------+-------+-------+----------------------
